 Dungeon Crawl Stone Soup version 0.31.0-12-g77e489cdc1 (webtiles) character file.

Game seed: 1832532807766302914

95 Gadfly the Trooper (level 4, -4/49 HPs)
             Began as an Oni Berserker on Feb 24, 2024.
             Was a Believer of Trog.
             Slain by an iguana (9 damage)
             ... on level 3 of the Dungeon.
             The game lasted 00:02:51 (1788 turns).

Gadfly the Trooper (Oni Berserker)                  Turns: 1788, Time: 00:02:52

Health: -4/49      AC:  4    Str: 21    XL:     4   Next: 65%
Magic:  4/4        EV: 10    Int:  8    God:    Trog [**....]
Gold:   99         SH:  0    Dex: 10    Spells: 3/3 levels left

rFire   . . .        b - +2 short sword (elec)
rCold   . . .        (no shield)
rNeg    . . .        i - +0 animal skin
rPois   .            (helmet restricted)
rElec   .            j - +0 cloak
rCorr   .            (gloves unavailable)
SInv    +            (boots unavailable)
Will    .....        (no amulet)
Stlth   +            k - ring of see invisible
HPRegen 0.28/turn    (no ring)
MPRegen 0.09/turn

%: no passive effects
@: no status effects
A: large, unfitting armour, horns 1, tough skin 1, double potion healing,
drunken brawling
a: Renounce Religion, Berserk, Trog's Hand


You were on level 3 of the Dungeon.
You worshipped Trog.
Trog was pleased with you.
You visited 1 branch of the dungeon, and saw 3 of its levels.

You collected 99 gold pieces.

Inventory:

Hand Weapons
 a - a +0 mace of venom
 b - a +2 short sword of electrocution (weapon)
Armour
 i - a +0 animal skin (worn)
 j - a +0 cloak (worn)
Jewellery
 k - a ring of see invisible (left hand)
Potions
 c - a potion of haste
 d - 2 potions of attraction {unknown}
 g - a potion of mutation


   Skills:
 + Level 4.6 Fighting
 * Level 3.7 Maces & Flails
 * Level 1.8 Armour
 - Level 2.6 Dodging
 * Level 1.5 Evocations


You had 3 spell levels left.
You didn't know any spells.
Your spell library was empty.

Dungeon Overview and Level Annotations

Branches:
Dungeon (3/15)

Altars:

Shops:
D:1 [


Innate Abilities, Weirdness & Mutations

You are too large for most types of armour.
You have a pair of small horns on your head.
You have tough skin. (AC +1)
You gain doubled healing and magic from potions.
Whenever you drink a healing potion, you attack all around you.


Message History

The ball python closely misses you.
You barely miss the ball python. You punch the ball python.
The ball python is moderately wounded.
You feel sick.
You are no longer poisoned.
The ball python bites you but does no damage.
The ball python misses you.
You hit the ball python.
You kill the ball python!
Trog accepts your kill.
An iguana comes into view.
The iguana hisses angrily.
You hear a shout!
You see here a ball python corpse.
An iguana is nearby!
You are too injured to fight recklessly!
There is a stone staircase leading down here.
You start resting.
An iguana is nearby!
You hit the iguana.
The iguana is lightly wounded.
The iguana bites you!
You barely miss the iguana. You headbutt the iguana.
The iguana is moderately wounded.
The iguana closely misses you.
You hit the iguana.
The iguana is severely wounded.
The iguana barely misses you.
You hit the iguana but do no damage.
You headbutt the iguana, but do no damage.
The iguana is severely wounded.
The iguana bites you.
You barely miss the iguana.
The iguana is severely wounded.
The iguana hisses menacingly.
The iguana bites you!
* * * LOW HITPOINT WARNING * * *
You hit the iguana but do no damage. Your headbutt misses the iguana.
The iguana is severely wounded.
The iguana bites you!
You die...

#...######..# #...........#
#...#######.# #..# #)#
#..#######.# #.....)....# ###
#
######..#############.####.##
........# ####l##.........
######..######..@#......##.#
#...........##..†.....#
#.#######...#......##.# #.#
##.#......l... #.#
#.#####........ #.# #.#
#####.... ... ..# #... #.#
### ### ##


You could see an iguana.

Vanquished Creatures
  3 adders
  3 dart slugs
  4 orcs (D:3)
  5 ball pythons
  2 bats
  8 endoplasms
  3 giant cockroaches
  6 goblins
  2 hobgoblins
  4 jackals (D:3)
  2 quokkas (D:1)
  3 frilled lizards
  A kobold (D:2)
  9 rats
55 creatures vanquished.

Notes
Turn   | Place    | Note
-------+----------+-------------------------------------------
     0 | D:1      | Gadfly the Oni Berserker began the quest for the Orb.
     0 | D:1      | Reached XP level 1. HP: 24/24 MP: 1/1
   144 | D:1      | Reached XP level 2. HP: 32/32 MP: 2/2
   555 | D:1      | Found Moica's Armour Shop.
   576 | D:1      | Reached skill level 1 in Armour
   600 | D:1      | Reached XP level 3. HP: 33/39 MP: 3/3
   850 | D:1      | Reached ** piety under Trog
   992 | D:2      | Reached skill level 1 in Evocations
  1260 | D:2      | Reached XP level 4. HP: 45/49 MP: 4/4
  1624 | D:3      | Identified the staff of the Bear {rPois rC+ Str+3 Dex+2
                  | Ice}
  1788 | D:3      | Slain by an iguana

Illustrated notes

Levels and vault maps discovered:
D:1:      eino_arrival_water_cross, layout_basic, serial_shops,
          nicolae_shop_crystal
D:2:      layout_basic, serial_glass, glass_columns_b, glass_columns_a,
          glass_columns_a, glass_columns_c, glass_columns_b,
          due_unseen_surprise, feat_on_display
D:3:      layout_loops_ring

Skill      XL: |  1  2  3 |
---------------+----------+-----
Armour         | 1 |  1.8
Evocations     | 1 |  1.5
Fighting       | |  4.6
Maces & Flails | |  3.7
Dodging        | |  2.6

Action                     |  1- 3 |  4- 6 || total
---------------------------+-------+-------++-------
  Melee: Mace              |    16 |       ||    16
         Headbutt          |    12 |     6 ||    18
         Short sword       |    43 |    60 ||   103
         Whip              |    26 |       ||    26
         Punch             |     2 |     1 ||     3
    Use: Scroll            |     4 |     7 ||    11
 Armour: Animal skin       |    48 |    36 ||    84
  Dodge: Dodged            |    41 |    33 ||    74
